 Dungeon Crawl Stone Soup version 0.28.0-1-gb440e238dd (webtiles) character file.

Game seed: 3252009929606898363

21 fknight the Chopper (level 2, 0/27 HPs)
             Began as a Hill Orc Monk on Feb 27, 2022.
             Succumbed to a scorpion's poison
             ... on level 2 of the Dungeon.
             The game lasted 00:02:13 (1173 turns).

fknight the Chopper (Hill Orc Monk)                 Turns: 1173, Time: 00:02:14

Health: 0/27       AC:  2    Str: 13    XL:     2   Next: 83%
Magic:  2/2        EV: 12    Int: 10    God:
Gold:   22         SH:  0    Dex: 13    Spells: 1/1 levels left

rFire   . . .      SeeInvis .   a - +0 hand axe
rCold   . . .      Faith    .   (no shield)
rNeg    . . .      Spirit   .   b - +0 robe
rPois   .          Reflect  .   (no helmet)
rElec   .          Harm     .   (no cloak)
rCorr   .          Rampage  .   (no gloves)
Will    .....                   (no boots)
Stlth   ++........              (no amulet)
HPRegen 0.09/turn               (no ring)
MPRegen 0.08/turn               (no ring)

@: lethally poisoned (0 -> -12)
A: no striking features
a: no special abilities


You were on level 2 of the Dungeon.
You visited 1 branch of the dungeon, and saw 2 of its levels.

You collected 22 gold pieces.

Inventory:

Hand Weapons
 a - a +0 hand axe (weapon)
 d - a +0 hunting sling
Missiles
 f - 20 sling bullets
Armour
 b - a +0 robe (worn)
Scrolls
 e - a scroll of blinking {unknown}
Potions
 c - a potion of cancellation {unknown}
 g - a potion of flight {unknown}


   Skills:
 + Level 4.0 Fighting
 + Level 4.3 Axes
 + Level 2.6 Dodging
 + Level 2.0 Stealth


You had one spell level left.
You didn't know any spells.
Your spell library contained the following spells:

 Spells                   Type           Power      Damage    Failure   Level
 Animate Skeleton         Necr           0%         N/A       36%         1
 Pain                     Necr           0%         1d4       36%         1
 Summon Small Mammal      Summ           0%         N/A       36%         1
 Call Canine Familiar     Summ           0%         N/A       75%         3
 Summon Guardian Golem    Hex/Summ       0%         N/A       75%         3
 Vampiric Draining        Necr           0%         2d6       75%         3


Dungeon Overview and Level Annotations

Branches:
Dungeon (2/15)

Altars:


Message History

A scorpion and a ball python come into view.
The ball python hisses angrily.
You see here a bat corpse.
You shoot a sling bullet.
The sling bullet hits the ball python but does no damage.
The ball python bites you. The ball python barely misses you.
a - a +0 hand axe (weapon)
You hit the ball python.
You kill the ball python!
Your Fighting skill increases to level 4!
Your Stealth skill increases to level 2!
You closely miss the scorpion. The scorpion completely misses you.
The scorpion closely misses you.
You hit the scorpion.
The scorpion is lightly wounded.
The scorpion stings you.
You are poisoned.
The scorpion poisons you!
You hit the scorpion but do no damage.
The scorpion is lightly wounded.
You feel sick. The scorpion closely misses you.
You closely miss the scorpion.
The scorpion is lightly wounded.
You feel sick. The scorpion closely misses you. The scorpion stings you!
You are lethally poisoned!
The scorpion poisons you!
You barely miss the scorpion.
The scorpion is lightly wounded.
* * * LOW HITPOINT WARNING * * *
You feel very sick. The scorpion misses you.
You closely miss the scorpion.
The scorpion is lightly wounded.
* * * LOW HITPOINT WARNING * * *
You feel very sick. The scorpion stings you.
* * * LOW HITPOINT WARNING * * *
You hit the scorpion but do no damage.
The scorpion is lightly wounded.
You die...

#.#♣.♣ #...♣♣
#...# . #..## ..
#..# ... #..# ....
#..# ....#
#..####.....#
#...@s'......
........####......
####.#### +#... #.
. #


You could see a scorpion.

Vanquished Creatures
  A worm (D:2)
  2 ball pythons
  4 bats
  3 endoplasms (D:1)
  2 giant cockroaches (D:1)
  2 quokkas (D:1)
  2 rats
16 creatures vanquished.

Notes
Turn   | Place    | Note
-------+----------+-------------------------------------------
     0 | D:1      | fknight the Hill Orc Monk began the quest for the Orb.
     0 | D:1      | Reached XP level 1. HP: 19/19 MP: 1/1
   466 | D:1      | Reached XP level 2. HP: 24/27 MP: 2/2
   978 | D:2      | Found a faded altar of an unknown god.
  1162 | D:2      | Noticed a scorpion
  1173 | D:2      | Succumbed to a scorpion's poison

Illustrated notes

Levels and vault maps discovered:
D:1:      saegor_arrival_simple_c, layout_rooms, minmay_misc_feat_rugged
D:2:      layout_basic, basic_altar, shapermc_ecumenical_altar_totnotflames,
          roderic_roman_lattice, nrook_mini_backslash,
          kennysheep_generic_room_14, uniq_robin

Skill      XL: |  1  2 |
---------------+-------+-----
Fighting       | 4 |  4.0
Stealth        | 2 |  2.0
Axes           | |  4.3
Dodging        | |  2.6

Action                   || total
-------------------------++-------
Melee: Hand axe          ||    51
 Fire: Hunting sling     ||    11
Armor: Robe              ||     7
Dodge: Dodged            ||    35
